[Event "Titled Tuesday Blitz January 31 Late 2023"]
[White "Ruiz Aguilar, Pablo Alexander"]
[Black "Fiorito, Francisco"]
[WhiteFideId "4401352"]
[BlackFideId "180165"]
[WhiteElo "2161"]
[BlackElo "2305"]
[Result "1-0"]
[Round "06"]
[TimeControl "180+2"]
[Date "2023.01.31"]
[WhiteClock "0:00:04"]
[BlackClock "0:00:01"]

1. e4 c5 2. Nf3 Nc6 3. d4 cxd4 4. Nxd4 g6 5. Nc3 Bg7 6. Be3 Nf6 7. Bc4 O-O 8. Bb3 d6 9. f3 Na5 10. Qd2 Nxb3 11. axb3 a6 12. h4 b5 13. Ndxb5 Bb7 14. Nd4 d5 15. e5 Nh5 16. g4 Ng3 17. Rg1 Bxe5 18. Bf4 Bxf4 19. Qxf4 e5 20. Qxg3 exd4 21. Ne2 Re8 22. Qf2 Qe7 23. Rg2 Rac8 24. O-O-O Qe3+ 25. Kb1 a5 26. Nxd4 Qf4 27. g5 a4 28. Rg4 Qd6 29. bxa4 Ra8 30. Nb3 Bc8 31. Rgd4 Bf5 32. Rxd5 Qb4 33. Nc5 Rab8 34. Qd4 Qa3 35. Rxf5 gxf5 36. Nd7 Qxf3 37. Nf6+ Kf8 38. Nxh7+ Kg8 39. Nf6+ Kf8 40. Nd7+ Kg8 41. Nxb8 Rxb8 42. b3 f4 43. Qd3 Qc6 44. Rf1 Qxa4 45. g6 Qe8 46. gxf7+ Qxf7 47. Qf3 Rf8 48. h5 Kh8 49. Rg1 Qf6 50. Rg4 Rd8 51. c3 Rf8 52. Rg6 Qe5 53. Kb2 Rc8 54. Rh6+ Kg7 55. Qg4+ Kxh6 56. Qg6# 1-0


[Site "https://www.chess.com"]

[Event "Titled Tuesday Blitz January 31 Late 2023"]
[White "Rose, Felix"]
[Black "Marczuk, Dominik"]
[WhiteFideId "5105722"]
[BlackFideId "1111264"]
[WhiteElo "2091"]
[BlackElo "2253"]
[Result "0-1"]
[Round "06"]
[TimeControl "180+2"]
[Date "2023.01.31"]
[WhiteClock "0:00:25"]
[BlackClock "0:00:08"]

1. d4 Nf6 2. Nf3 g6 3. Bg5 Bg7 4. Nbd2 d5 5. e3 O-O 6. Bd3 c5 7. dxc5 Nbd7 8. Nb3 Qc7 9. O-O Nxc5 10. Nxc5 Qxc5 11. Rc1 h6 12. Bh4 Ne4 13. c4 g5 14. cxd5 Qxd5 15. Bxe4 Qxe4 16. Bg3 Bxb2 17. Rc7 Bg4 18. Qb3 Bf6 19. Qxb7 Qxb7 20. Rxb7 Rfc8 21. Ne5 Be6 22. a4 Rc5 23. f4 Ra5 24. Rb4 Rc8 25. Nf3 Bd5 26. fxg5 hxg5 27. Nd4 Rc3 28. Nb5 Rxe3 29. Bf2 Re2 30. Re1 Rxe1+ 31. Bxe1 Ra6 32. Bf2 Rc6 33. Bxa7 Rc1+ 34. Kf2 Rc2+ 35. Ke3 Rxg2 36. Nc7 Bc6 37. a5 g4 38. Kf4 Kg7 39. Bd4 Kg6 40. Bxf6 Kxf6 41. a6 e5+ 42. Ke3 Rxh2 43. a7 Ra2 44. Rb6 Rxa7 45. Rxc6+ Kf5 46. Nd5 Ra3+ 47. Kf2 Ke4 48. Nf6+ Kf4 49. Nh5+ Kg5 50. Ng3 f5 51. Rc8 Kf4 52. Nh5+ Ke4 53. Rc4+ Kd5 54. Rb4 f4 55. Nf6+ Ke6 56. Nxg4 Kf5 57. Nh6+ Kg6 58. Rb6+ Kg5 59. Nf7+ Kf5 60. Rb5 Re3 61. Nxe5 Rxe5 62. Rb8 Ra5 63. Rb2 Kg4 64. Rb3 Ra2+ 65. Kf1 Rc2 66. Kg1 Kf5 67. Kf1 Ke4 68. Ke1 Rh2 69. Kf1 Rh5 70. Kg1 Rd5 71. Kf1 Rd1+ 72. Kf2 Rd2+ 73. Kf1 Rc2 74. Ke1 Kd4 75. Kf1 Ke5 76. Ke1 Kf5 77. Kf1 Kg4 78. Ke1 Rg2 79. Kf1 Rg3 80. Rb8 Ra3 81. Rb3 Rxb3 82. Kg2 Rb2+ 83. Kh1 Kg3 84. Kg1 Rb1# 0-1


[Site "https://www.chess.com"]

[Event "Titled Tuesday Blitz January 31 Late 2023"]
[White "Bouget, Alexandre"]
[Black "Gardezi, Arsal"]
[WhiteFideId "681318"]
[BlackFideId "30949521"]
[WhiteElo "2267"]
[BlackElo "2093"]
[Result "1-0"]
[Round "06"]
[TimeControl "180+2"]
[Date "2023.01.31"]
[WhiteClock "0:02:22"]
[BlackClock "0:01:48"]

1. d4 Nf6 2. c4 e6 3. Nc3 d5 4. Nf3 Be7 5. Bf4 O-O 6. e3 b6 7. cxd5 exd5 8. Bd3 Bb7 9. Qc2 Nbd7 10. Ne5 c5 11. O-O Rc8 12. Bf5 g6 13. Bh3 Re8 14. Qa4 a6 15. Nxd7 b5 16. Nxf6+ Bxf6 17. Qd1 Rc7 18. Bxc7 1-0


[Site "https://www.chess.com"]

[Event "Titled Tuesday Blitz January 31 Late 2023"]
[White "Sai Han Thiha"]
[Black "Fajdetic, Hrvoje"]
[WhiteFideId "13012290"]
[BlackFideId "14501945"]
[WhiteElo "2070"]
[BlackElo "2151"]
[Result "1-0"]
[Round "06"]
[TimeControl "180+2"]
[Date "2023.01.31"]
[WhiteClock "0:00:46"]
[BlackClock "0:00:19"]

1. d4 Nf6 2. c4 e5 3. dxe5 Ng4 4. e4 Nxe5 5. f4 Nec6 6. Be3 Bb4+ 7. Nc3 Bxc3+ 8. bxc3 O-O 9. Bd3 b6 10. Nf3 Ba6 11. e5 f6 12. h4 Qe7 13. Bxh7+ Kxh7 14. Ng5+ Kh6 15. f5 Nxe5 16. Ne6+ Kh7 17. Qh5+ Kg8 18. Ng5 fxg5 19. hxg5 Rxf5 20. Qh7+ Kf7 21. Qxf5+ Kg8 22. Qh7+ Kf7 23. Rf1+ Ke6 24. Qf5+ Kd6 25. O-O-O+ Kc6 26. Qe4+ 1-0


[Site "https://www.chess.com"]

[Event "Titled Tuesday Blitz January 31 Late 2023"]
[White "Llanos, Guillermo"]
[Black "Floresvillar Gonzalez, Luis Migu"]
[WhiteFideId "100358"]
[BlackFideId "5100542"]
[WhiteElo "2290"]
[BlackElo "2043"]
[Result "1-0"]
[Round "06"]
[TimeControl "180+2"]
[Date "2023.01.31"]
[WhiteClock "0:00:55"]
[BlackClock "0:00:02"]

1. Nf3 d5 2. e3 c6 3. c4 Bg4 4. Nc3 e6 5. h3 Bxf3 6. Qxf3 Bd6 7. d4 f5 8. g4 Ne7 9. gxf5 Nxf5 10. cxd5 O-O 11. dxe6 Nxd4 12. Qe4 Nf3+ 13. Kd1 Qe7 14. h4 Na6 15. Bd3 g6 16. Be2 Nc5 17. Qg4 Ne5 18. Qg5 Rxf2 19. Qxe7 Bxe7 20. e4 Nxe6 21. Be3 Rd8+ 22. Kc2 Nd4+ 23. Bxd4 Rxd4 24. Raf1 Rg2 25. h5 Nc4 26. hxg6 Rd2+ 27. Kb3 Rgxe2 28. Nxe2 Rxb2+ 29. Kxc4 Rxe2 30. gxh7+ Kh8 31. Rfg1 Rxe4+ 32. Kd3 Bg5 33. Rxg5 1-0


[Site "https://www.chess.com"]

[Event "Titled Tuesday Blitz January 31 Late 2023"]
[White "Torres Dominguez, David"]
[Black "Hoffmann, Asa"]
[WhiteFideId "2220857"]
[BlackFideId "2001470"]
[WhiteElo "1994"]
[BlackElo "2185"]
[Result "1-0"]
[Round "06"]
[TimeControl "180+2"]
[Date "2023.01.31"]
[WhiteClock "0:00:27"]
[BlackClock "0:01:38"]

1. e4 d6 2. Nc3 Nf6 3. f4 c6 4. Nf3 Bg4 5. Be2 e6 6. O-O d5 7. d3 dxe4 8. dxe4 Bc5+ 9. Kh1 Qxd1 10. Rxd1 Nbd7 11. a3 O-O-O 12. e5 Nd5 13. Ne4 Be7 14. c4 N5b6 15. Be3 Bxf3 16. gxf3 g6 17. b4 c5 18. bxc5 Na4 19. Nd6+ Bxd6 20. cxd6 Nc3 21. Rd2 Nxe2 22. Rxe2 b6 23. c5 bxc5 24. Rc2 Kb7 25. Rb1+ Ka6 26. Bf2 Rb8 27. Rbc1 Rb3 28. Bxc5 Rxf3 29. Bb4 Rxf4 30. Rc6+ Kb5 31. Rc7 Nxe5 32. Rxa7 Nd3 33. Rb1 Nxb4 34. axb4 Rd8 35. d7 Rxb4 36. Rb7+ Kc6 37. R1xb4 Rxd7 38. Rxd7 Kxd7 39. Kg2 h5 40. Kf3 f5 41. h4 e5 42. Rb6 e4+ 43. Kf4 1-0


[Site "https://www.chess.com"]

[Event "Titled Tuesday Blitz January 31 Late 2023"]
[White "Mosquera, Miguel"]
[Black "Kohler, Aran"]
[WhiteFideId "4401131"]
[BlackFideId "1002856"]
[WhiteElo "2371"]
[BlackElo "2010"]
[Result "1-0"]
[Round "06"]
[TimeControl "180+2"]
[Date "2023.01.31"]
[WhiteClock "0:00:03"]
[BlackClock "0:00:14"]

1. d4 Nf6 2. Nf3 e6 3. g3 b6 4. Bg2 Bb7 5. c4 d5 6. O-O Be7 7. Ne5 O-O 8. Bg5 h6 9. Bxf6 Bxf6 10. Nd2 Bxe5 11. dxe5 Nc6 12. f4 d4 13. Nb3 Rb8 14. Qd2 Qd7 15. Rad1 Rfd8 16. a3 Na5 17. Nxa5 Bxg2 18. Kxg2 bxa5 19. Rf3 c5 20. b3 Qc6 21. Kf2 a4 22. Rb1 Qe4 23. Qd3 Qb7 24. b4 a5 25. b5 Qc7 26. Qe4 g6 27. g4 Qb7 28. Qd3 Qc7 29. Qe4 Qb7 30. Qc2 Qc7 31. Qxa4 g5 32. Qc2 gxf4 33. Qe4 Qe7 34. Qxf4 Kg7 35. Rh3 Qg5 36. Qxg5+ hxg5 37. Rh5 Kg6 38. Rb3 Rh8 39. Rhh3 a4 40. Rbf3 Rxh3 41. Rxh3 f6 42. exf6 Kxf6 43. Rh6+ Ke5 44. Rg6 Ke4 45. Rxg5 e5 46. Rf5 Rh8 47. Kg2 d3 48. exd3+ Kxd3 49. Rxe5 Kxc4 50. b6 Rb8 51. Re6 Kb3 52. h4 c4 53. h5 c3 54. Kf2 c2 55. Rc6 Kb2 56. h6 c1=Q 57. Rxc1 Kxc1 58. h7 Kb2 59. g5 Kxa3 60. g6 Kb2 61. g7 a3 62. h8=Q a2 63. g8=Q+ 1-0


[Site "https://www.chess.com"]

[Event "Titled Tuesday Blitz January 31 Late 2023"]
[White "Todev, Simeon"]
[Black "Chabris, Christopher"]
[WhiteFideId "2925133"]
[BlackFideId "2005263"]
[WhiteElo "2033"]
[BlackElo "2053"]
[Result "1-0"]
[Round "06"]
[TimeControl "180+2"]
[Date "2023.01.31"]
[WhiteClock "0:01:11"]
[BlackClock "0:00:01"]

1. e4 c5 2. Nf3 d6 3. Bd3 Nf6 4. c3 g6 5. Bc2 Bg7 6. O-O O-O 7. d4 cxd4 8. cxd4 Nc6 9. Nc3 Bg4 10. Be3 Nb4 11. Bb3 d5 12. e5 Ne4 13. a3 Nxc3 14. bxc3 Nc6 15. h3 Bf5 16. Nh4 Na5 17. Nxf5 gxf5 18. Bc2 e6 19. Qd3 Qh4 20. f4 Nc4 21. Rf3 Bh6 22. Bf2 Qe7 23. g4 Nb2 24. Qe2 fxg4 25. hxg4 f6 26. Rh3 Qg7 27. exf6 Rxf6 28. g5 Rxf4 29. Qxe6+ Kh8 30. Qxh6 Qxh6 31. Rxh6 Rg4+ 32. Kf1 Rxg5 33. Rxh7+ Kg8 34. Rb1 1-0


[Site "https://www.chess.com"]

[Event "Titled Tuesday Blitz January 31 Late 2023"]
[White "Sailer, Mike"]
[Black "Mazibuko, Khanya"]
[WhiteFideId "2012901"]
[BlackFideId "14321041"]
[WhiteElo "2109"]
[BlackElo "1913"]
[Result "0-1"]
[Round "06"]
[TimeControl "180+2"]
[Date "2023.01.31"]
[WhiteClock "0:00:03"]
[BlackClock "0:01:51"]

1. d4 Nf6 2. Bf4 d5 3. e3 c5 4. Nc3 cxd4 5. exd4 a6 6. Nf3 Nc6 7. Be2 Bg4 8. h3 Bxf3 9. Bxf3 e6 10. O-O Bd6 11. Bxd6 Qxd6 12. Re1 Qb4 13. Ne2 Qxb2 14. Rb1 Qxa2 15. Rxb7 O-O 16. Qd3 Na5 17. Rbb1 Qc4 18. Qd2 Nc6 19. c3 Rfb8 20. Nf4 a5 21. Nd3 a4 22. Rxb8+ Rxb8 23. Ra1 Rb3 24. Bd1 Qxc3 25. Qxc3 Rxc3 26. Bxa4 Nxd4 27. Ne5 g6 28. Bd1 Rc7 29. Ra8+ Kg7 30. Ba4 Ne2+ 31. Kh2 Nc3 32. Bb3 Nfe4 33. f3 Nc5 34. Bc2 d4 35. Bd3 f6 0-1


[Site "https://www.chess.com"]

[Event "Titled Tuesday Blitz January 31 Late 2023"]
[White "Aung Thant Zin"]
[Black "Pino Perez, Lazaro"]
[WhiteFideId "13000063"]
[BlackFideId "3517055"]
[WhiteElo "2268"]
[BlackElo "2142"]
[Result "1-0"]
[Round "06"]
[TimeControl "180+2"]
[Date "2023.01.31"]
[WhiteClock "0:00:12"]
[BlackClock "0:00:05"]

1. e4 c5 2. Nf3 g6 3. d4 cxd4 4. Nxd4 Nc6 5. Nc3 Bg7 6. Be3 Nf6 7. Nb3 O-O 8. Be2 a5 9. a4 d6 10. O-O Be6 11. Nd4 Bd7 12. f4 e5 13. Ndb5 exf4 14. Bxf4 Nb4 15. Bxd6 Re8 16. e5 Bxb5 17. axb5 Nd7 18. Bc4 Nxe5 19. Bxe5 Rxe5 20. Rxf7 Kh8 21. Qxd8+ Rxd8 22. Bb3 b6 23. Na4 Re2 24. c3 Rdd2 25. cxb4 Rxg2+ 26. Kf1 Rxh2 27. Ke1 Rhe2+ 28. Kf1 Rh2 29. Ke1 Bh6 30. Rd1 Rhe2+ 31. Kf1 axb4 32. Rxd2 Rxd2 33. Rb7 Rd4 34. Nxb6 Rd3 35. Bc4 Rd2 36. b3 Be3 37. Nd5 Bc5 38. Nf6 1-0


[Site "https://www.chess.com"]

[Event "Titled Tuesday Blitz January 31 Late 2023"]
[White "Ortez, Andrea"]
[Black "Itkis, Boris"]
[WhiteFideId "6702392"]
[BlackFideId "1209167"]
[WhiteElo "1961"]
[BlackElo "2329"]
[Result "0-1"]
[Round "06"]
[TimeControl "180+2"]
[Date "2023.01.31"]
[WhiteClock "0:00:03"]
[BlackClock "0:00:37"]

1. e4 c6 2. d4 d5 3. exd5 cxd5 4. c4 Nf6 5. Nc3 g6 6. Qb3 Bg7 7. cxd5 O-O 8. g3 Nbd7 9. Bg2 Nb6 10. Nge2 Bg4 11. Nf4 g5 12. Nd3 h6 13. Be3 Rc8 14. O-O Nc4 15. Ne5 Nd6 16. Rfe1 Bf5 17. Rad1 Ng4 18. h3 Nxe5 19. dxe5 Bxe5 20. Bxa7 Bf6 21. Bd4 Bxd4 22. Rxd4 Qa5 23. Rxe7 b5 24. h4 b4 25. Rxb4 Bc2 26. Qa3 Qc5 27. hxg5 hxg5 28. Rg4 Qxa3 29. Rxg5+ Bg6 30. bxa3 Rxc3 31. Rd7 Nc4 32. Be4 Nd2 33. Bxg6 Nf3+ 34. Kg2 Nxg5 35. Bh5 Rxa3 36. f4 Ne4 37. Bf3 Rxa2+ 38. Kh3 Nf2+ 39. Kg2 Ng4+ 40. Kh3 Nf6 41. Re7 Kg7 42. Re5 Rh8+ 0-1


[Site "https://www.chess.com"]

[Event "Titled Tuesday Blitz January 31 Late 2023"]
[White "Bongo Akanga Ndjila, Barthelemy"]
[Black "Sliwicki, Damian"]
[WhiteFideId "10609431"]
[BlackFideId "1127128"]
[WhiteElo "1824"]
[BlackElo "2158"]
[Result "1-0"]
[Round "06"]
[TimeControl "180+2"]
[Date "2023.01.31"]
[WhiteClock "0:00:55"]
[BlackClock "0:00:01"]

1. d4 Nf6 2. Nf3 e6 3. c4 d5 4. cxd5 exd5 5. Bg5 Nbd7 6. Qc2 Be7 7. e3 O-O 8. Bd3 Ne4 9. Bf4 Ndf6 10. Qxc7 Bb4+ 11. Nbd2 Bg4 12. Qxd8 Rfxd8 13. a3 Ba5 14. b4 Bxf3 15. gxf3 Nxd2 16. Kxd2 Bb6 17. Rhg1 Kf8 18. Rac1 a5 19. Bc7 Bxc7 20. Rxc7 axb4 21. axb4 Ra2+ 22. Bc2 b5 23. Kc3 Nd7 24. Kb3 Rda8 25. Kc3 Nb6 26. Rc5 Nc4 27. Rb1 R8a3+ 28. Rb3 Rxc2+ 29. Kxc2 Ra2+ 30. Kc1 Rxf2 31. Rxd5 Rxf3 32. Rxb5 Rf1+ 33. Kc2 Rf2+ 34. Kd3 Nd6 35. Rb8+ Ke7 36. b5 Rxh2 37. b6 h5 38. b7 Nxb7 39. R3xb7+ Kf6 40. Rb5 h4 41. Ra8 g6 42. Ra7 h3 43. Rba5 Rh1 44. Ra1 1-0


[Site "https://www.chess.com"]

[Event "Titled Tuesday Blitz January 31 Late 2023"]
[White "kiwibobo"]
[Black "Wilson, Elvin"]
[BlackFideId "2014874"]
[WhiteElo "2087"]
[BlackElo "2183"]
[Result "1-0"]
[Round "06"]
[TimeControl "180+2"]
[Date "2023.01.31"]
[WhiteClock "0:02:13"]
[BlackClock "0:01:16"]

1. e4 e6 2. d4 d5 3. Nd2 c5 4. Ngf3 cxd4 5. Nxd4 Nc6 6. Bb5 Bd7 7. Nxc6 bxc6 8. Bd3 Qc7 9. Qe2 Bd6 10. Nf3 f6 11. c4 Ne7 12. Be3 O-O 13. O-O Ng6 14. cxd5 cxd5 15. Rac1 Qa5 16. exd5 exd5 17. a3 Rae8 18. Qd2 Bg4 19. Qxa5 1-0


[Site "https://www.chess.com"]

[Event "Titled Tuesday Blitz January 31 Late 2023"]
[White "Vargas, Mauricio"]
[Black "Alfaro, William"]
[WhiteFideId "4404572"]
[BlackFideId "6100457"]
[WhiteElo "2035"]
[BlackElo "2134"]
[Result "0-1"]
[Round "06"]
[TimeControl "180+2"]
[Date "2023.01.31"]
[WhiteClock "0:00:01"]
[BlackClock "0:00:23"]

1. e4 Nf6 2. e5 Nd5 3. Nc3 e6 4. f4 Nxf4 5. d3 Nd5 6. Nf3 c5 7. g3 Nc6 8. Bg2 Nxc3 9. bxc3 d5 10. O-O Be7 11. Qe1 O-O 12. Bd2 f5 13. exf6 Bxf6 14. Rb1 b6 15. Qc1 Qd6 16. Ng5 e5 17. Qd1 h6 18. h4 hxg5 19. hxg5 Be7 20. Qh5 Bf5 21. Bxd5+ Qxd5 22. g6 Bxg6 23. Qxg6 Rxf1+ 24. Rxf1 Rf8 25. Rxf8+ Kxf8 26. Qf5+ Ke8 27. Qc8+ Kf7 28. Qf5+ Bf6 29. g4 Ne7 30. Qf2 Kg6 31. Qh2 Kf7 32. Qh5+ Ke6 33. g5 e4 34. Qg4+ Kf7 35. gxf6 gxf6 36. Qxe4 Qxe4 37. dxe4 Ke6 38. Bf4 f5 39. exf5+ Nxf5 40. Kf2 Kd5 41. Bb8 a6 42. Kf3 Ne7 43. Kf4 Kc4 44. Be5 Nd5+ 45. Ke4 Nxc3+ 46. Kf3 Nxa2 47. Bc7 b5 48. Ba5 Nb4 49. Ke2 Nxc2 50. Kd2 Nd4 0-1


[Site "https://www.chess.com"]

[Event "Titled Tuesday Blitz January 31 Late 2023"]
[White "Desideri, Ricardo Maruchi"]
[Black "Onslow, Alfie"]
[WhiteFideId "2110440"]
[BlackFideId "436976"]
[WhiteElo "1959"]
[BlackElo "2157"]
[Result "1-0"]
[Round "06"]
[TimeControl "180+2"]
[Date "2023.01.31"]
[WhiteClock "0:00:06"]
[BlackClock "0:00:02"]

1. e4 c6 2. d4 d5 3. e5 Bf5 4. h4 h5 5. Bd3 Bxd3 6. Qxd3 Qa5+ 7. b4 Qxb4+ 8. Nd2 Qb5 9. c4 dxc4 10. Nxc4 e6 11. Rb1 Qd5 12. Nf3 b5 13. Ne3 Qxa2 14. O-O Nd7 15. Bd2 Qa6 16. Rfc1 Ne7 17. Ng5 Nb6 18. Bb4 Nbd5 19. Nxd5 Nxd5 20. Bxf8 Rxf8 21. Ne4 Rd8 22. Nd6+ Rxd6 23. exd6 Kd7 24. Qg3 g6 25. Ra1 Qb6 26. Rc5 a5 27. Rac1 Rc8 28. Qf3 f5 29. Qg3 a4 30. Qxg6 Kxd6 31. Re1 Nc7 32. Rxf5 Qxd4 33. Rf3 Qc4 34. Rd3+ Kc5 35. Qxh5+ Kb6 36. Rde3 b4 37. Re4 Qc5 38. Qg4 Rd8 39. Rxb4+ Nb5 40. Rxa4 e5 41. Rea1 1-0


[Site "https://www.chess.com"]

[Event "Titled Tuesday Blitz January 31 Late 2023"]
[White "Vaglio Munoz, Jaime"]
[Black "Kaufman, Lawrence"]
[WhiteFideId "6500145"]
[BlackFideId "2000555"]
[WhiteElo "2174"]
[BlackElo "2188"]
[Result "0-1"]
[Round "06"]
[TimeControl "180+2"]
[Date "2023.01.31"]
[WhiteClock "0:02:18"]
[BlackClock "0:01:53"]

1. Nf3 d5 2. b3 c5 3. Bb2 Nc6 4. e3 Nf6 5. Bb5 Bd7 6. d3 e6 7. Nbd2 Be7 8. O-O O-O 9. Bxc6 Bxc6 10. Ne5 Rc8 11. f4 Nd7 12. Ndf3 f6 13. Nxc6 Rxc6 14. Qe1 Bd6 15. c4 Rc8 16. Qh4 dxc4 0-1


[Site "https://www.chess.com"]

[Event "Titled Tuesday Blitz January 31 Late 2023"]
[White "Almedina Ortiz, Edgardo J."]
[Black "Corredor Castellanos, Camilo"]
[WhiteFideId "3100197"]
[BlackFideId "4425871"]
[WhiteElo "2156"]
[BlackElo "1957"]
[Result "1-0"]
[Round "06"]
[TimeControl "180+2"]
[Date "2023.01.31"]
[WhiteClock "0:00:28"]
[BlackClock "0:00:31"]

1. d4 Nf6 2. c4 g6 3. Nc3 Bg7 4. e4 d6 5. Nf3 O-O 6. Be2 e5 7. O-O Nc6 8. d5 Ne7 9. Ne1 Ne8 10. Be3 f5 11. f3 f4 12. Bf2 g5 13. c5 Ng6 14. a4 Rf7 15. a5 Nf6 16. cxd6 cxd6 17. Nb5 a6 18. Bb6 Qf8 19. Nc7 g4 20. Nxa8 Nh4 21. Bf2 gxf3 22. gxf3 Ng6 23. Kh1 Bh3 24. Nb6 Nh5 25. Rg1 Bf6 26. Nd3 Qh6 27. Bf1 Bd7 28. Nxd7 Rxd7 29. Bh3 Re7 30. Bf5 Kf7 31. Rc1 Bh4 32. Bxg6+ hxg6 33. Bxh4 Ng3+ 34. Bxg3 fxg3 35. Rxg3 1-0


[Site "https://www.chess.com"]

[Event "Titled Tuesday Blitz January 31 Late 2023"]
[White "Araujo, Everson De Moura"]
[Black "Nunez V, Gustavo Eduardo"]
[WhiteFideId "22737197"]
[BlackFideId "4403690"]
[WhiteElo "1944"]
[BlackElo "2212"]
[Result "0-1"]
[Round "06"]
[TimeControl "180+2"]
[Date "2023.01.31"]
[WhiteClock "0:00:54"]
[BlackClock "0:01:25"]

1. c4 g6 2. g3 Bg7 3. Bg2 Nf6 4. e4 O-O 5. Ne2 d6 6. Nbc3 e5 7. d3 h6 8. O-O Nc6 9. h3 Be6 10. Be3 Qd7 11. Kh2 Ne8 12. Qd2 Kh7 13. f4 f5 14. d4 exd4 15. Nxd4 Bxc4 16. Rfd1 Nxd4 17. Bxd4 Bxd4 18. Qxd4 Be6 19. exf5 Bxf5 20. Bxb7 Rb8 21. Bg2 Rxb2 22. Rd2 Rxd2 23. Qxd2 Nf6 24. Re1 Re8 25. Nd5 Nxd5 26. Rxe8 Qxe8 27. Qxd5 Qd7 28. Qb7 c5 29. Qxd7+ Bxd7 30. Bd5 Kg7 31. Kg2 Kf6 32. Kf3 Be6 33. Ke4 Bxh3 34. a4 Bg2+ 0-1


[Site "https://www.chess.com"]

[Event "Titled Tuesday Blitz January 31 Late 2023"]
[White "rikchessmx"]
[Black "Tarnowska, Aleksandra"]
[BlackFideId "1180967"]
[WhiteElo "2287"]
[BlackElo "1835"]
[Result "1-0"]
[Round "06"]
[TimeControl "180+2"]
[Date "2023.01.31"]
[WhiteClock "0:01:38"]
[BlackClock "0:00:01"]

1. e4 c5 2. Nf3 e6 3. d4 cxd4 4. Nxd4 a6 5. Nc3 Qc7 6. f4 d6 7. Qf3 Nf6 8. Be3 Be7 9. g4 e5 10. Nf5 Bxf5 11. gxf5 Nc6 12. O-O-O exf4 13. Bxf4 Ne5 14. Qg3 Nh5 15. Qf2 Nxf4 16. Qxf4 h6 17. h4 Rc8 18. Rh2 b5 19. Nd5 Qd8 20. Kb1 g5 21. fxg6 Bg5 22. hxg5 Nxg6 23. Nf6+ Ke7 24. Qf5 Rc5 25. Nd5+ Ke8 26. gxh6 Ne5 27. h7 Qd7 28. Nf6+ 1-0


[Site "https://www.chess.com"]

[Event "Titled Tuesday Blitz January 31 Late 2023"]
[White "Yu, Yangyi"]
[Black "Mosadeghpour, Masoud"]
[WhiteFideId "8603820"]
[BlackFideId "12519278"]
[WhiteElo "2729"]
[BlackElo "2472"]
[Result "1/2-1/2"]
[Round "07"]
[TimeControl "180+2"]
[Date "2023.01.31"]
[WhiteClock "0:01:38"]
[BlackClock "0:02:30"]

1. Nf3 Nf6 2. g3 e6 3. Bg2 d5 4. O-O c5 5. c4 d4 6. e3 Nc6 7. d3 Be7 8. exd4 cxd4 9. Na3 O-O 10. Re1 Nd7 11. Nc2 a5 12. Bf4 Nc5 13. Ne5 Nb4 14. a3 Nxc2 15. Qxc2 a4 16. Nf3 f6 17. Bd2 e5 18. Bb4 Nb3 19. Rad1 Bxb4 20. axb4 Qb6 21. b5 Be6 22. Nd2 Nc5 23. Ne4 Nb3 24. Nd2 Nc5 1/2-1/2


[Site "https://www.chess.com"]

[Event "Titled Tuesday Blitz January 31 Late 2023"]
[White "Dubov, Daniil"]
[Black "Duda, Jan-Krzysztof"]
[WhiteFideId "24126055"]
[BlackFideId "1170546"]
[WhiteElo "2708"]
[BlackElo "2724"]
[Result "1-0"]
[Round "07"]
[TimeControl "180+2"]
[Date "2023.01.31"]
[WhiteClock "0:00:25"]
[BlackClock "0:00:03"]

1. d4 d5 2. Nf3 Nf6 3. c4 c6 4. Nc3 e6 5. g3 dxc4 6. Bg2 b5 7. Ne5 Nd5 8. O-O Bb7 9. a4 a6 10. Ne4 f6 11. Nf3 Nd7 12. Bd2 Be7 13. Bh3 Kf7 14. b3 cxb3 15. Qxb3 Re8 16. Bf4 h6 17. Rfc1 N7b6 18. Bd2 Rb8 19. axb5 cxb5 20. Ba5 Qd7 21. Bxb6 Nxb6 22. Rc7 Qxc7 23. Qxe6+ Kf8 24. Nh4 g5 25. Nxf6 Bxf6 26. Qxf6+ Kg8 27. Nf5 1-0


[Site "https://www.chess.com"]

[Event "Titled Tuesday Blitz January 31 Late 2023"]
[White "Indjic, Aleksandar"]
[Black "Lenderman, Aleksandr"]
[WhiteFideId "911925"]
[BlackFideId "2021285"]
[WhiteElo "2618"]
[BlackElo "2572"]
[Result "0-1"]
[Round "07"]
[TimeControl "180+2"]
[Date "2023.01.31"]
[WhiteClock "0:00:12"]
[BlackClock "0:00:44"]

1. d4 e6 2. Nf3 Nf6 3. Bg5 h6 4. Bxf6 Qxf6 5. e4 d5 6. Nbd2 g6 7. c4 dxe4 8. Nxe4 Qd8 9. Qd2 Bg7 10. O-O-O O-O 11. h4 b6 12. Bd3 Bb7 13. Bc2 Nd7 14. h5 f5 15. Neg5 hxg5 16. Nxg5 Bh6 17. f4 Bxg5 18. fxg5 Rf7 19. hxg6 Rg7 20. Rh6 Nf8 21. g4 Be4 22. Bxe4 fxe4 23. Rdh1 Nxg6 24. Qe3 Qe7 25. Kb1 Re8 26. a3 c5 27. Qxe4 Qxg5 28. R1h5 Qf4 29. Qc6 Qf1+ 30. Ka2 Qxc4+ 31. b3 Qe2+ 32. Ka1 Rf8 33. Rh1 Rf1+ 34. Rxf1 Qxf1+ 35. Kb2 Qe2+ 36. Kc1 Qe3+ 37. Kc2 Qxh6 38. Qxe6+ Kh7 39. dxc5 bxc5 40. Qf5 Qh2+ 0-1


[Site "https://www.chess.com"]

[Event "Titled Tuesday Blitz January 31 Late 2023"]
[White "Bacrot, Etienne"]
[Black "Kozak, Adam"]
[WhiteFideId "605506"]
[BlackFideId "753246"]
[WhiteElo "2667"]
[BlackElo "2572"]
[Result "1-0"]
[Round "07"]
[TimeControl "180+2"]
[Date "2023.01.31"]
[WhiteClock "0:00:55"]
[BlackClock "0:00:20"]

1. d4 d5 2. Nf3 Nf6 3. c4 e6 4. Nc3 Nbd7 5. cxd5 exd5 6. Bf4 c6 7. e3 Be7 8. Bd3 O-O 9. Qc2 Re8 10. g4 Nf8 11. h3 Ng6 12. O-O-O Bd6 13. Bxd6 Qxd6 14. g5 Nh5 15. Kb1 Bd7 16. Bf5 Bxf5 17. Qxf5 Nf8 18. Ne5 Qe6 19. Qg4 g6 20. f4 Ng7 21. e4 Rad8 22. Qf3 dxe4 23. Nxe4 Nh5 24. Rhe1 Qf5 25. Ka1 Ne6 26. Ng4 Kh8 27. Nh6 Qxf4 28. Nxf7+ Kg7 29. Qxf4 Nhxf4 30. Nxd8 Rxd8 31. Nc5 Nxg5 32. Re7+ Kh6 33. h4 Nf3 34. Rxb7 Nxd4 35. Kb1 Rd5 36. Rxa7 Ng2 37. Ne4 Ne3 38. Nf6 g5 39. Nxd5 Nxd1 40. hxg5+ Kxg5 41. Nc3 Nxc3+ 42. bxc3 Nb5 43. Rxh7 Nxc3+ 44. Kb2 Na4+ 45. Kb3 Nc5+ 46. Kc4 Ne4 47. Rc7 Nf6 48. Rxc6 Ng4 49. Kd5 Nf2 50. a4 Ng4 51. a5 Kf4 52. a6 Kg3 53. a7 Kf2 54. a8=Q Nh2 55. Qa2+ Kg3 56. Rc3+ Nf3 57. Rxf3+ Kxf3 58. Qb3+ Kg2 59. Ke4 Kh2 60. Kf4 Kg1 61. Qc2 Kh1 62. Kf3 1-0


[Site "https://www.chess.com"]

[Event "Titled Tuesday Blitz January 31 Late 2023"]
[White "Drygalov, Sergey"]
[Black "Carlsen, Magnus"]
[WhiteFideId "24171743"]
[BlackFideId "1503014"]
[WhiteElo "2547"]
[BlackElo "2853"]
[Result "0-1"]
[Round "07"]
[TimeControl "180+2"]
[Date "2023.01.31"]
[WhiteClock "0:00:09"]
[BlackClock "0:00:12"]

1. d4 Nf6 2. c4 g6 3. Nc3 Bg7 4. e4 d6 5. Nf3 O-O 6. Be2 e5 7. O-O Qe8 8. Re1 exd4 9. Nxd4 Nxe4 10. Bf3 Nxc3 11. bxc3 Qd8 12. Rb1 c6 13. Bf4 Na6 14. Qd2 Nc5 15. Nb3 Na4 16. Rbc1 Be5 17. Bxe5 dxe5 18. Rxe5 Qxd2 19. Nxd2 Rd8 20. Nb3 Nb2 21. c5 Be6 22. Be2 Re8 23. Kf1 Na4 24. c4 Rad8 25. f4 f6 26. Re3 Kf7 27. Kf2 h5 28. g3 Re7 29. Re1 Rdd7 30. Rc1 Bg4 31. Rxe7+ Rxe7 32. Bd3 Nb2 33. Bf1 Nd1+ 34. Kg1 Re1 35. Nd2 Bh3 36. Rb1 Ke6 37. Rc1 h4 38. Rb1 Kf5 39. gxh4 Kxf4 40. a3 f5 41. a4 a5 42. Ra1 Ke3 43. Ra3+ Kxd2 44. Rd3+ Kc2 45. Rxh3 f4 46. Rf3 Ne3 47. Rxf4 Rxf1+ 48. Rxf1 Nxf1 49. Kxf1 Kb3 50. Kf2 Kxa4 51. Kg3 Kb3 52. Kg4 a4 53. Kg5 a3 54. Kxg6 a2 55. h5 a1=Q 56. h6 Qh8 0-1


[Site "https://www.chess.com"]